 Dungeon Crawl Stone Soup version 0.25-a0-690-g234afa57d4 (webtiles) character file.

Game seed: 17274295248641045773, levelgen mode: deterministic

781 erloom the Grappler (level 7, -18/57 HPs)
             Began as a Ghoul Monk on Mar 30, 2020.
             Demolished by an ogre
             ... wielding a +0 giant club
              (21 damage)
             ... on level 6 of the Dungeon.
             The game lasted 00:08:48 (3915 turns).

erloom the Grappler (Ghoul Monk)                    Turns: 3915, Time: 00:08:48

Health: -18/57     AC: 10    Str: 15    XL:     7   Next: 85%
Magic:  6/6        EV:  5    Int:  7    God:
Gold:   379        SH:  0    Dex: 15    Spells: 6/6 levels left

rFire    . . .     SeeInvis .     - Unarmed
rCold    + + .     Gourm    .   (no shield)
rNeg     + + +     Faith    .   e - +0 plate armour
rPois    ∞         Spirit   .   (no helmet)
rElec    .         Reflect  .   (no cloak)
rCorr    .         Harm     .   (no gloves)
MR       .....                  (no boots)
Stlth    ..........             o - amulet of magic regeneration
HPRegen  0.00/turn              v - ring of protection from cold
MPRegen  0.35/turn              n - +4 ring of dexterity

@: rotting
A: rotting body, claws 1, carnivore, cold resistance 1, negative energy
resistance 3, inhibited regeneration, torment resistance, unbreathing
a: no special abilities


You were on level 6 of the Dungeon.
You were not hungry.

You visited 1 branch of the dungeon, and saw 6 of its levels.

You collected 379 gold pieces.

Inventory:

Hand Weapons
 a - a +0 hunting sling
Missiles
 d - 53 sling bullets
 f - 98 stones (quivered)
Armour
 e - a +0 plate armour (worn)
 l - a +0 robe
Jewellery
 c - an uncursed ring of see invisible
 i - a +6 ring of intelligence
 n - a +4 ring of dexterity (right claw)
 o - an amulet of magic regeneration (around neck)
 s - an uncursed ring of fire
 v - a ring of protection from cold (left claw)
Scrolls
 g - 9 scrolls of identify {unknown}
 j - 6 scrolls of remove curse {unknown}
 m - 2 scrolls of enchant weapon {unknown}
 t - a scroll of blinking {unknown}
 u - 2 scrolls of magic mapping {unknown}
 w - 2 scrolls of fog {unknown}
 x - a scroll of amnesia {unknown}
Potions
 h - a potion of mutation {unknown}
 k - 2 potions of heal wounds {unknown}
 p - a potion of haste {unknown}
 r - a potion of ambrosia {unknown}
 z - 2 potions of invisibility
 A - a potion of curing {unknown}
 B - a potion of stabbing {unknown}
Comestibles
 b - 15 rations
 q - 2 chunks of flesh


   Skills:
 - Level 3.2 Fighting
 - Level 2.6 Dodging
 - Level 2.1 Stealth
 + Level 9.8 Unarmed Combat


You had 6 spell levels left.
You didn't know any spells.
Your spell library was empty.

Dungeon Overview and Level Annotations

Branches:
Dungeon (6/15)
 Temple: D:4-7

Altars:
Cheibriados
Okawaru
Sif Muna
Wu Jian

Annotations:
D:3 3 runed translucent doors, MisterFreud's ghost, amateur FeSk


Innate Abilities, Weirdness & Mutations

Your body is rotting away.
You thrive on raw meat.
You are immune to poison.
You have sharp fingernails.
You are carnivorous and can eat meat at any time.
Your flesh is cold resistant. (rC+)
You are immune to negative energy. (rN+++)
You do not regenerate when monsters are visible.
You are immune to unholy pain and torment.
You can survive without breathing.


Message History

An ogre comes into view. It is wielding a +0 giant club.
Found a scroll labeled ZUBYITHR YNGUPP.
The ogre hits you with a +0 giant club!
You claw the ogre!
The ogre is moderately wounded.
The ogre hits you with a +0 giant club!!
You are too injured to fight recklessly!
You are too injured to fight recklessly!
You are too injured to fight recklessly!
You are too injured to fight recklessly!
You barely miss the ogre.
The ogre is moderately wounded.
You closely miss the ogre.
The ogre is moderately wounded.
The ogre hits you with a +0 giant club!!
* * * LOW HITPOINT WARNING * * *
Your plate armour prevents you from hitting the ogre.
The ogre is moderately wounded.
The ogre hits you with a +0 giant club!!
You die...

#### ...#
#.?# #..#
#..# #O.#
###@.#
#....#
#.#.##
##.#.#
##....#
####.....##
#.........#
#.##.....##
#.###._.##


You could see an ogre.

Vanquished Creatures
  An ogre (D:4)
  A scorpion (D:5)
  A crimson imp (D:4)
  A centaur skeleton (D:4)
  2 orc priests (D:4)
  2 hounds
  2 orc wizards (D:4)
  Natasha (twice) (D:2)
  An iguana (D:4)
  3 worker ants
  5 gnolls
  7 adders
  An adder skeleton (D:5)
  An adder zombie (D:3)
  3 worms
  2 dart slugs
  7 leopard geckos
  18 orcs
  A ball python (D:6)
  7 giant cockroaches
  9 goblins
  11 hobgoblins
  4 jackals
  9 kobolds
  2 quokkas
  8 bats
  3 frilled lizards (D:1)
  A leopard gecko skeleton (D:4)
  A quokka zombie (D:5)
  9 rats
125 creatures vanquished.

Notes
Turn   | Place    | Note
-------+----------+-------------------------------------------
     0 | D:1      | erloom the Ghoul Monk began the quest for the Orb.
     0 | D:1      | Reached XP level 1. HP: 19/19 MP: 0/0
   107 | D:1      | Reached XP level 2. HP: 23/26 MP: 1/1
   122 | D:1      | Reached skill level 4 in Unarmed Combat
   206 | D:1      | Reached XP level 3. HP: 31/31 MP: 2/2
   544 | D:1      | Reached skill level 5 in Unarmed Combat
  1136 | D:2      | Noticed Natasha
  1149 | D:2      | Killed Natasha
  1149 | D:2      | Reached XP level 4. HP: 13/38 MP: 3/3
  1405 | D:2      | Noticed Natasha
  1414 | D:2      | Killed Natasha
  1414 | D:2      | Reached skill level 6 in Unarmed Combat
  1414 | D:2      | Reached XP level 5. HP: 45/45 MP: 4/4
  1986 | D:3      | Found a shimmering blue altar of Sif Muna,
  2151 | D:3      | Found a runed translucent gate,
  2151 | D:3      | Found a runed translucent gate,
  2151 | D:3      | Found a runed translucent gate,
  2186 | D:3      | Noticed MisterFreud's ghost (amateur FeSk)
  2266 | D:3      | Reached skill level 7 in Unarmed Combat
  2456 | D:3      | Reached XP level 6. HP: 50/51 MP: 5/5
  2881 | D:4      | Reached skill level 8 in Unarmed Combat
  2881 | D:4      | Reached XP level 7. HP: 41/57 MP: 6/6
  2989 | D:4      | Found a snail-covered altar of Cheibriados,
  3180 | D:4      | Reached skill level 9 in Unarmed Combat
  3425 | D:5      | Entered Level 5 of the Dungeon
  3481 | D:5      | Found an iron altar of Okawaru,
  3899 | D:6      | Found an ornate altar of the Wu Jian Council,
  3915 | D:6      | Demolished by an ogre

Levels and vault maps discovered:
D:1:      sevenhm_arrival_forest_fort_small_3, layout_basic,
          chequers_mini_garden, minivault_24, minmay_indecisive_spiral
D:2:      mumra_celtic_spiral_tile, layout_basic, uniq_natasha
D:3:      layout_rooms, lemuel_round_altar, first_ration, gammafunk_ghost_icy,
          minmay_misc_feat_secret_circle, palyth_stone_intersect,
          minmay_starry_boxes
D:4:      layout_basic, kennysheep_mini
D:5:      layout_rooms, okawaru_gym_becter, grunt_tough_drop
D:6:      layout_loops_ring, overflow_temple_1_default, temple_green,
          bloody_trog

Skill      XL: |  1  2  3  4  5  6  7 |
---------------+----------------------+-----
Unarmed Combat | 4 5 6 7 8 9 |  9.8
Fighting       | |  3.2
Dodging        | |  2.6
Stealth        | |  2.1

Action                   |  1- 3 |  4- 6 |  7- 9 || total
-------------------------+-------+-------+-------++-------
Melee: Unarmed           |   137 |   190 |   150 ||   477
       Punch             |       |     3 |     1 ||     4
 Fire: Hunting sling     |       |     4 |       ||     4
  Eat: Chunk             |    10 |    12 |    10 ||    32
Armor: Plate armour      |   111 |   138 |    87 ||   336
       Robe              |     2 |       |       ||     2
Dodge: Dodged            |    44 |    58 |    35 ||   137

Table legend:
 A = Non-vault XP
 B = Vault XP
 C = Vault XP percentage of total XP
 D = Non-vault monster count
 E = Vault monster count
 F = Vault count percentage of total count
                 A         B        C        D         E       F
            +---------+---------+-------+---------+---------+-------
      Total |     991 |     125 |  11.2 |     113 |      12 |   9.6
            +---------+---------+-------+---------+---------+-------
        D:1 |      57 |       7 |  10.9 |      27 |       4 |  12.9
        D:2 |     101 |      36 |  26.3 |      20 |       1 |   4.8
        D:3 |      80 |      45 |  36.0 |      21 |       5 |  19.2
        D:4 |     605 |       0 |   0.0 |      34 |       0 |   0.0
        D:5 |     146 |      37 |  20.2 |      10 |       2 |  16.7
        D:6 |       2 |       0 |   0.0 |       1 |       0 |   0.0
            +---------+---------+-------+---------+---------+-------
